Match 41558020
Unlisted

Match 41558020
End
Kettenkrad Recon Vehicle
Construct Infanterie Kompanie
Selects Terror Battlegroup
Selects Machine Gun Camouflage
MG 42 Machine Gun Team
MG 42 Machine Gun Team
Construct Panzergrenadier Kompanie
Selects Interrogate
Panzergrenadier Squad
Panzergrenadier Squad
Medical Bunker
Panzergrenadier Officer Quarters
Support Elements
StuG III G Assault Gun
Selects Defend the Fatherland
StuG III G Assault Gun
Nebelwerfer 42 Rocket Launcher Team
Nebelwerfer 42 Rocket Launcher Team
Construct Panzer Kompanie
Panzer IV Medium Tank
Selects King Tiger Heavy Tank
Selects Propaganda Leaflet Drop
King Tiger Heavy Tank
Pak 40 Anti-tank Gun Team
Pak 40 Anti-tank Gun Team
狂歌
Templar Killer
brady1989723
dauniy
wila
Quack
Joker
jhc0928d
0
0

Comments sign in to comment!

No comments posted yet!